 Dungeon Crawl Stone Soup version 0.30-a0-39-g42789b21ef (webtiles) character file.

Game seed: 11033315511571753061

39 BritishOli the Trooper (level 3, 0/29 HPs)
             Began as a Demonspawn Fighter on Aug 29, 2022.
             Killed from afar by Terence (4 damage)
             ... with a puff of flame
             ... on level 1 of the Dungeon.
             The game lasted 00:01:07 (1123 turns).

BritishOli the Trooper (Demonspawn Fighter)         Turns: 1123, Time: 00:01:07

Health: 0/29       AC:  6    Str: 18    XL:     3   Next: 26%
Magic:  3/3        EV:  9    Int:  9    God:
Gold:   57         SH:  5    Dex: 18    Spells: 2/2 levels left

rFire   . . .      SeeInvis .    a - +0 long sword
rCold   . . .      Faith    .    c - +0 buckler
rNeg    . . .      Spirit   .    b - +0 scale mail
rPois   .          Reflect  .    (no helmet)
rElec   .          Harm     .    (no cloak)
rCorr   .          Rampage  .    (no gloves)
Will    .....                    (no boots)
Stlth   ..........               (no amulet)
HPRegen 0.09/turn                h - +6 ring of dexterity
MPRegen 0.08/turn                (no ring)

@: no status effects
A: demonic touch 1
a: no special abilities


You were on level 1 of the Dungeon.
You visited 1 branch of the dungeon, and saw 2 of its levels.

You collected 57 gold pieces.

Inventory:

Hand Weapons
 a - a +0 long sword (weapon)
Missiles
 i - a throwing net (quivered)
 j - 5 silver boomerangs
Armour
 b - a +0 scale mail (worn)
 c - a +0 buckler (worn)
Jewellery
 h - a +6 ring of dexterity (left hand)
Scrolls
 g - 2 scrolls of identify {unknown}
Potions
 d - 2 potions of might
 e - a potion of degeneration {unknown}
 f - a potion of heal wounds {unknown}
 k - a potion of curing {unknown}


   Skills:
 + Level 3.4 Fighting
 + Level 2.2 Long Blades
 + Level 3.0 Armour
 + Level 3.1 Shields


You had 2 spell levels left.
You didn't know any spells.
Your spell library contained the following spells:

 Spells                   Type           Power      Damage    Failure   Level
 Blink                    Tloc           0%         N/A       94%         2
 Manifold Assault         Tloc           0%         N/A       100%        5
 Storm Form               Tmut/Air       0%         N/A       100%        7


Dungeon Overview and Level Annotations

Branches:
Dungeon (2/15)

Altars:

Annotations:
D:1 Terence


Innate Abilities, Weirdness & Mutations

Your touch may inflict minor irresistible damage on your foes.


Message History

Terence shouts!
Found 12 gold pieces.
Found an escape hatch in the ceiling.
There is a stone staircase leading up here.
There are monsters nearby!
There are monsters nearby!
An adder comes into view.
The adder hisses angrily.
The bat hits you.
Terence says, "Time to say good-bye..."
You block Terence's attack.
There are monsters nearby!
You completely miss Terence. The bat hits you. The bat misses you.
Terence hits you with a +0 hand axe.
There are monsters nearby!
You barely miss Terence. The bat hits you but does no damage.
Terence zaps a wand.
The puff of flame hits you! The endoplasm freezes you.
You are frozen.
There are monsters nearby!
You hit Terence.
Terence is lightly wounded.
You block the bat's attack. Terence hits you with a +0 hand axe.
The endoplasm hits you. You block Terence's attack.
The endoplasm hits you but does no damage.
You are too injured to fight recklessly!
The bat closely misses you. Terence closely misses you.
The endoplasm closely misses you. The bat hits you.
* * * LOW HITPOINT WARNING * * *
The adder bites you but does no damage. Terence hits you with a +0 hand axe.
* * * LOW HITPOINT WARNING * * *
There is an escape hatch in the ceiling here.
The adder bites you but does no damage. The bat hits you but does no damage.
Terence zaps a wand.
The puff of flame hits you but does no damage.
A mysterious force pulls you upwards. The hatch slams shut behind you.
You hit Terence but do no damage.
Terence is lightly wounded.
You block the adder's attack.
Terence zaps a wand.
The puff of flame hits you.
You die...

#.....###### ###...# #
#########...# #.........###
##.#########
###############.(####### #######
.......................# ##......
.........####....S.....###..#####
..........# #...@..........##
..........# #.[.@......#####
..........# #..........#
..........# #..........#
..........# #..........#
.........## #..........#
........## ############ #########


You could see Terence and an adder.

Vanquished Creatures
  A dart slug (D:1)
  A ball python (D:1)
  2 endoplasms (D:1)
  2 giant cockroaches (D:1)
  3 goblins (D:1)
  4 hobgoblins (D:1)
  6 jackals (D:1)
  2 quokkas (D:1)
  5 bats (D:1)
  3 kobolds (D:1)
  2 rats (D:1)
31 creatures vanquished.

Notes
Turn   | Place    | Note
-------+----------+-------------------------------------------
     0 | D:1      | BritishOli the Demonspawn Fighter began the quest for the
                  | Orb.
     0 | D:1      | Reached XP level 1. HP: 18/18 MP: 1/1
   236 | D:1      | Gained mutation: Your touch may inflict minor irresistible
                  | damage on your foes. [demonic ancestry]
   236 | D:1      | Reached XP level 2. HP: 19/24 MP: 2/2
   768 | D:1      | Reached XP level 3. HP: 17/29 MP: 3/3
  1114 | D:2      | Noticed Terence
  1123 | D:1      | Killed from afar by Terence

Illustrated notes

Levels and vault maps discovered:
D:1:      minmay_arrival_shattered_statue, layout_rooms
D:2:      layout_loops_ring, nicolae_ecumenical_lake_church, minivault_24,
          minmay_guardbox, uniq_crazy_yiuf_cottage, uniq_terence

Skill      XL: |  1  2 |
---------------+-------+-----
Long Blades    | 2 |  2.2
Shields        | 3 |  3.1
Armour         | 3 |  3.0
Fighting       | |  3.4

Action                   || total
-------------------------++-------
Melee: Long sword        ||   124
Armor: Scale mail        ||   135
Dodge: Dodged            ||   103
Block: Buckler           ||    55

Table legend: (Time is in decaauts)
 A = Elapsed time spent in this place.
 B = Non-inter-level travel time spent in this place.
 C = Inter-level travel time spent in this place.
 D = Time resting spent in this place.
 E = Time spent auto-exploring this place.
 F = Levels seen in this place.
 G = Mean time per level.
                   A        B        C        D        E       F      G
               +--------+--------+--------+--------+--------+-----+--------+
         Total |   1164 |   1150 |     14 |    166 |    726 |   2 |  582.0 |
       Dungeon |   1164 |   1150 |     14 |    166 |    726 |   2 |  582.0 |
               +--------+--------+--------+--------+--------+-----+--------+

Top non-repeatable levels by time:
     D:1: 1155 daAuts
     D:2: 8 daAuts
